AoeStats
← Vekenification

Glade

510623602Analyzed
1v1 RM · 2d ago on Oct 1, 2026· 59m 57s· 2 players
Game mode
Random Map
Map size
Tiny (2 player)
Population
200
Speed
Normal
Resources
Standard
Victory
Conquest
Starting age
Dark Age
Ending age
Imperial Age
RankedLock teamsTeams togetherTeam positionsShared explorationLock speedFull tech treeHidden civsTurbo modeCheats
Victory
Defeat
🇩🇪 Khmer · Germany
1068
+15
🇬🇧 Mongols · United Kingdom
1041
-15
BoNeS
7:57 Loom
10:26 Feudal Age
11:12 Double-Bit Axe
17:09 Castle Age
16:16 Stone Mining
21:35 Gold Mining
22:56 Wheelbarrow
22:50 Bow Saw
23:03 Horse Collar
24:41 Gold Shaft Mining
25:25 Horse Collar
28:32 Pikeman
30:30 Forging
31:55 Fletching
32:42 Scale Mail Armor
33:18 Heavy Plow
38:08 Imperial Age
35:26 Town Watch
36:11 Squires
41:31 Iron Casting
44:36 Onager
56:18 Conscription
Vekenification
5:31 Loom
12:56 Feudal Age
16:34 Castle Age
15:12 Double-Bit Axe
16:10 Fletching
16:50 Crossbowman
22:30 Padded Archer Armor
29:05 Bodkin Arrow
30:17 Wheelbarrow
32:52 Imperial Age
32:31 Leather Archer Armor
33:07 Scale Barding Armor
33:18 Bloodlines
34:10 Bow Saw
35:47 Arbalester
36:29 Bracer
36:55 Hand Cart
39:42 Gold Mining
39:36 Horse Collar
42:49 Chemistry
42:33 Conscription
42:25 Elite Skirmisher
43:40 Ballistics
48:34 Elite Ballista Elephant
49:25 Double Crossbow
51:02 Siege Engineers
55:22 Gold Shaft Mining
57:41 Chain Barding Armor
57:52 Ring Archer Armor
59:58 Spies/Treason
Connection lost

Rejoining the realm…

Still unreachable

The connection could not be restored.

Session expired

The server has moved on; the page needs a fresh start.